[Event "The Asheboro Open 51"]
[Site "Greensboro"]
[Date "2009.11.07"]
[Round "3"]
[White "Timmel, John"]
[Black "Lawson, Josh"]
[Result "1/2-1/2"]
[ECO "B23"]
[WhiteElo "2123"]
[BlackElo "1982"]
[Annotator "Lawson,Josh"]
[PlyCount "79"]
[EventDate "2009.??.??"]
[SourceDate "2006.11.11"]
[TimeControl "240+2"]

{Hey guys. In my final Round game, I had to face strong Expert John Timmel.
John is a powerhouse Expert who has been defeating Masters recently, so I had
to step up my game and rise to the challenge.} 1. e4 c5 {I was iffy about
playing the sicilian against such a strong player, but figured that my tactics
were going to be the only chance I had.} 2. Nc3 Nc6 3. Nge2 {I was expecting
the normal Nf3, but I knew his plan was to play g3, Bg2 and 0-0, which he did
in the game.} Nf6 4. g3 d5 5. exd5 Nxd5 6. Bg2 e6 {This gave white the
advantage. I should have played Nxc3. My light squared bishop is doing nothing.
It would be better if it were placed on g4 or f5.} 7. O-O Be7 8. d3 {
White missed a good opportunity of Nxd5.} O-O 9. a3 {Still missing Nxd5.} a6
10. Re1 Bf6 {This was the most crucial move of the game on my part. White
could have seized a great winning chance by playing Nxd5!} 11. Ne4 Be7 12. Rb1
e5 {Critical moment. I had to find a way to activate my pieces. e5 does many
things, such as activating my light squared Bishop, soon having my Rooks
connected and playing a possible f5 push to develop some sort of Kingside
attack.} 13. f4 {Giving the advantage away. He should have played N2c3.} Bg4
14. N4c3 exf4 {My Fischer style tactics are now in full force as I smell the
blood from my opponents King! :)} 15. Nxd5 f3 {Uh oh . . .} 16. Nxe7+ Qxe7 {
Nxe7!? only gives back the advantage.} 17. Nc3 fxg2 {Not f2+?? which will lead
to a devastating loss for Black, which will go like Kxf2 Bxd1 Rxe7 Bxc2 Bxc6!.}
18. Qd2 Qd7 {Now having a slight advantage, I had to find the correct moves
for the remainder of the game.} 19. Qxg2 Nd4 {This move was a bone in my
opponents throat. The King has no good squares. What to do?} 20. Rf1 {
Be3 may have been a little better, but still drops the exchange.} Bh3 21. Qf2
Bxf1 22. Kxf1 Rae8 {Not a good decision. Rfe8 was much better as I found out
in a few moves why this move was so bad.} 23. Be3 Nxc2 {A little passive. Even
though this sack is sound, the position doesn't call for it.} 24. Bxc5 Re5 25.
Bxf8 {Rybka thought Kg1 was better, but I can't say that what my opponent
played was terrible.} Rf5 26. Bc5 Rxf2+ 27. Bxf2 Qc6 {Seeing my time winding
down, I succumb to the time pressure. For some reason I didn't like the idea
of Qxd3+ cause I was worried about a possible back rank mate by Rd1. Time
pressure does make you think crazy things. Also, Nxa3! would have been good as
well.} 28. d4 Nxa3 {Qh1+ was better.} 29. bxa3 Qxc3 30. Rxb7 Qc1+ {Trying to fi
gure out a way to fork the King and Rook!? g6 was better, and then trying to
attack would have been more sufficient.} 31. Ke2 Qc2+ 32. Kf1 Qd1+ {
Qc4+ was better} 33. Kg2 h5 34. Re7 g5 {Trying to get some sort of an attack
going, but this only helps white out in securing a draw.} 35. Re5 f6 36. Re6
Kf7 {Worrying about my pawn I forget what my initial plan was. I should have
played h4! threatening to play h3+!} 37. Re3 g4 {Obviously not Qxd4?? which
allows for Re7+ winning the Queen and eventually the game. Even in time
pressure I see these things!! ; )} 38. Rc3 f5 39. Rc7+ Kg6 40. Rc6+ {Here I sto
pped taking notations since I was severely low on time. The game ended in
another 15-20 move time scramble draw to secure a second place finish. Even
though I didn't pull out a win, I was very happy with my performance during
this game. This game illustrates how to improve your position and turn your
opponents mistakes into your advantage. John Timmel is an extremely nice guy
and great chessplayer, and I feel that im going to have much more intense
battles with him over the board in the future.} 1/2-1/2

[Event "The Asheboro Open 39"]
[Site "MyTown"]
[Date "2008.08.02"]
[Round "2"]
[White "Dejong, Andrew"]
[Black "Jiang, Allan"]
[Result "1-0"]
[ECO "A10"]
[WhiteElo "1760"]
[BlackElo "1592"]
[Annotator "deJong,Randal"]
[PlyCount "109"]
[EventDate "2008.??.??"]
[SourceDate "2006.11.11"]
[TimeControl "300"]

{179MB, PC106391367623} 1. c4 b6 2. Nc3 Bb7 3. e4 e6 4. Nf3 Bb4 5. g3 Bxc3 6.
bxc3 Bxe4 7. Bg2 Nf6 8. d3 Bb7 9. O-O O-O 10. Re1 d6 11. d4 Nbd7 12. Qd3 Re8
13. Bg5 h6 14. Bf4 Qe7 15. Re2 Rad8 16. Qc2 c5 17. h3 Rc8 18. Qa4 a6 19. Rb1
cxd4 20. cxd4 d5 21. c5 Ne4 22. Rc2 b5 23. Qb3 Nb8 24. a4 Bc6 25. axb5 Bxb5 26.
Bf1 Bxf1 27. Kxf1 Qa7 28. Qb6 Qxb6 29. Rxb6 a5 30. c6 g5 31. Be3 Nd6 32. c7 Nc4
33. cxb8=Q Rxb8 34. Rxb8 Rxb8 35. Ra2 Rb3 36. Ke2 f6 37. Nd2 Rb2 38. Ra4 Rb4
39. Ra2 Rb2 40. Rxb2 Nxb2 41. Nb1 Kf7 42. f4 gxf4 43. Bxf4 Kg6 44. Na3 Kf5 45.
Bxh6 Ke4 46. Nc2 Nc4 47. g4 a4 48. Bg7 f5 49. g5 f4 50. Bf6 Kf5 51. h4 a3 52.
h5 a2 53. Be7 e5 54. g6 Ke6 55. h6 1-0

[Event "The Seafarer"]
[Site "?"]
[Date "2008.07.16"]
[Round "1"]
[White "Fuerstman, Leland"]
[Black "McNeill, Jonathon"]
[Result "1-0"]
[ECO "B12"]
[WhiteElo "2000"]
[BlackElo "1859"]
[Annotator "Fritz 11 (60s)"]
[PlyCount "141"]
[SourceDate "2006.11.11"]
[TimeControl "180"]

{119MB, RybkaII.ctg, JONATHON-5DE1DD B22: Sicilian: 2 c3} 1. e4 d5 2. e5 c5 3.
c3 Nc6 4. d4 Bf5 5. f4 (5. Nf3 e6 6. Bd3 Bg6 7. O-O cxd4 8. cxd4 Nge7 9. Bg5
Qb6 10. Nc3 Bxd3 11. Qxd3 h6 12. Be3 Nb4 13. Qd2 Nf5 14. Rac1 Be7 15. g4 Nxe3
16. Qxe3 Qa6 17. Ne1 O-O 18. f4 Rac8 19. a3 Nc6 {
Brueggemann,J (2365)-Hennings,A (2450)/Leipzig 1979/MCD/1/2-1/2 (41)}) (5. Bd3
Bxd3 6. Qxd3 e6 7. Nf3 Qb6 8. a4 c4 9. Qc2 Nge7 10. Na3 a6 11. O-O Na5 12. Bg5
Nb3 13. Ra2 Nc6 14. Be3 Nca5 15. Qe2 h6 16. g4 g5 17. Nxg5 hxg5 18. Bxg5 Be7
19. Bxe7 Kxe7 {
Becerra Izquierdo,J-Rodriguez Sanchez,A (2021)/Malaga 2004/CBM 098 ext/0-1 (57)
}) 5... e6 6. Nf3 Qb6 7. Be2 $146 (7. Na3 cxd4 8. Nxd4 Nxd4 9. Qxd4 (9. cxd4
Ne7 10. Nb5 Nc6 11. Bd2 a6 12. Qa4 Be7 13. Bc3 O-O 14. Na3 Rfc8 15. Be2 Qc7 16.
Qd1 b5 17. Nc2 Bxc2 18. Qxc2 Nxd4 19. Qd2 Nxe2 20. Qxe2 Qc4 21. Qg4 b4 22. Bd2
Qe4+ 23. Qe2 Bh4+ {
Petrovicova,E-Kubikova,H (2180)/Czechoslovakia 1992/TD/0-1 (68)}) 9... Bc5 (
9... Qxd4 10. Bb5+ Kd8 11. cxd4 Ne7 12. O-O a6 13. Ba4 b5 14. Bb3 Be4 15. Be3
Nc6 16. Nc2 Kd7 17. Ne1 Rc8 18. a3 Be7 19. Nf3 h6 20. Nd2 Bd3 21. Rfc1 Bd8 22.
Bd1 Bb6 23. Nb3 {1/2-1/2 Petrovicova,E-Sikorova,O/Czechoslovakia 1992/TD}) 10.
Qa4+ Ke7 11. Nb5 Bf2+ 12. Kd1 Nh6 13. h3 Rhd8 14. Nd4 Bxd4 15. Qxd4 Qxd4+ 16.
cxd4 Rdc8 17. g4 Bc2+ 18. Ke1 Rc7 19. Bd2 Be4 20. Rh2 Rac8 21. Bc3 Ng8 {
Petrovicova,E-Nemcova Fialova,D (2085)/Czechoslovakia 1992/TD/0-1 (47)}) (7.
Qb3 Nh6 $15) 7... Bg4 (7... Nh6 8. Qb3 $17) 8. Nbd2 $15 Nh6 9. h3 Bxf3 10. Nxf3
cxd4 (10... Nf5 11. Bd3 Ng3 12. Rh2 $15) 11. cxd4 (11. Nxd4 $5 {
should be examined more closely} Nxd4 12. Qxd4 Qxd4 13. cxd4 $15) 11... Nf5 $17
12. Kf2 (12. O-O Nfxd4 13. Nxd4 Bc5 $17) 12... Ncxd4 13. Nxd4 Qxd4+ (13... Bc5
$5 $17) 14. Qxd4 $15 Nxd4 {Black has a new protected passed pawn: d5} 15. Bd1
a6 16. Be3 {White threatens to win material: Be3xd4} Nc6 17. Rc1 Kd7 {
Black loses the right to castle} 18. Bf3 (18. Be2 $5 $15 {
deserves consideration}) 18... Nb4 $17 19. Rhd1 Nxa2 20. Rc4 Nb4 21. Bb6 Nc6
22. g4 Bd6 $4 {gives the opponent new chances} (22... g5 $142 {
Black would have gained the upper hand} 23. fxg5 Rc8 $19) 23. Bxd5 $16 exd5 24.
Rxd5 {White pins: Rd5xd6.} Rhc8 25. Rxd6+ {A classical outpost} ({Not} 25. exd6
Re8 $11) 25... Ke8 26. Re4 Ne7 (26... Nd8 $5 $14 {is worth looking at}) 27. e6
$18 Rc2+ 28. Kg3 f5 29. Red4 Nc6 30. Rd2 Rxd2 31. Rxd2 g6 $4 {
terrible, but what else could Black do to save the game?} (31... Ke7 $142 32.
Rd7+ Kxe6 33. Rxg7 fxg4 34. hxg4 Rh8 35. Rxb7 h5 $18) 32. Rd7 Nd8 (32... Kf8 {
doesn't get the bull off the ice} 33. gxf5 gxf5 34. Rf7+ (34. Rxb7 $6 Re8 $18)
(34. Rxh7 $6 Re8 $18) 34... Kg8 35. Rxf5 $18) 33. gxf5 gxf5 34. Bc5 a5 (34...
Nxe6 {doesn't get the cat off the tree} 35. Re7+ Kd8 36. Rxe6 $18) 35. Rxh7 (
35. Re7+ $142 {secures the point} Kf8 36. Rf7+ Kg8 37. Rf8+ Kg7 38. e7 $18)
35... Nxe6 36. Re7+ Kf8 37. Rxe6+ Kf7 (37... Kg8 {
doesn't change the outcome of the game} 38. Rf6 $18) 38. Re7+ Kf6 39. Rxb7 Rg8+
40. Kf3 a4 41. Ra7 Kg6 (41... Ke6 {does not improve anything} 42. Bd4 $18) 42.
Rxa4 Kh5 (42... Rd8 {is not much help} 43. Ra6+ Kf7 44. Rd6 $18) 43. Be7 (43.
b4 $142 {and the result of the game is clear: White will win} Rb8 44. Ra6 Rg8
$18) 43... Rb8 (43... Rc8 {doesn't do any good} 44. Ra5 $18) 44. b4 Rc8 45. Bc5
Rd8 (45... Kg6 {does not help much} 46. Ra6+ Kf7 47. h4 $18) 46. Ra3 (46. b5 {
might be the shorter path} Rd5 47. Rc4 Rd3+ 48. Ke2 Rd8 $18) 46... Rd1 47. Ke2
(47. b5 $142 {keeps an even firmer grip} Rc1 48. Bf2 Rb1 $18) 47... Rh1 (47...
Rb1 $18 {otherwise it's curtains at once}) 48. b5 Rh2+ 49. Kf1 (49. Bf2 Rh1 50.
Rb3 Kg6 51. b6 Ra1 52. b7 Ra5 53. b8=Q Ra2+ 54. Kf3 Ra8 55. Qxa8 Kg7 56. Qa7+
Kg6 57. Rb6+ Kh5 58. Qf7#) 49... Rc2 50. Bf8 (50. Be3 {
and White can already relax} Rb2 51. b6 Kh4 $18) 50... Rb2 (50... Kg6 {
does not win a prize} 51. Bb4 Rc4 52. Bc3 $18) 51. Ra6 Rb1+ 52. Ke2 Rb2+ 53.
Kd3 Kh4 54. Rh6+ Kg3 55. b6 Kxf4 56. Rh4+ Kg3 (56... Kg5 {
does not solve anything} 57. Rb4 Ra2 58. b7 Ra3+ 59. Kc2 Ra2+ 60. Kb1 Rg2 61.
b8=Q Rg1+ 62. Kc2 Rg2+ 63. Kd3 Rg4 64. Be7+ Kg6 65. Qg8+ Kh6 66. Rb6+ Rg6 67.
Qxg6#) 57. Rb4 Rxb4 (57... Ra2 {hardly improves anything} 58. b7 f4 59. b8=Q
Ra3+ 60. Kd4 Ra2 61. Rb3+ Kg2 62. Qxf4 Ra4+ 63. Bb4 Rxb4+ 64. Rxb4 Kxh3 65.
Rb3+ Kg2 66. Rg3+ Kh1 67. Qh6#) 58. Bxb4 Kxh3 (58... f4 {is no salvation} 59.
b7 Kf3 60. b8=Q Kf2 61. Qg8 Kf3 62. Qg4+ Kf2 63. Bc5+ Ke1 64. Qe2#) 59. b7 f4 (
59... Kg3 {a fruitless try to alter the course of the game} 60. b8=Q+ f4 61.
Qg8+ Kf3 62. Bd6 Kf2 63. Bxf4 Kf1 64. Be3 Ke1 65. Qg1#) 60. b8=Q f3 (60... Kg4
{cannot change destiny} 61. Ke4 f3 62. Qf4+ Kh3 63. Qxf3+ Kh2 64. Bd6+ Kg1 65.
Qe2 Kh1 66. Qf1#) 61. Be1 f2 (61... Kg2 {is not the saving move} 62. Qg3+ Kh1
63. Ke3 f2 64. Qh3+ Kg1 65. Bxf2#) 62. Bxf2 Kg4 (62... Kg2 {
doesn't improve anything} 63. Qg3+ Kf1 64. Qg1#) 63. Ke4 (63. Qe5 Kf3 64. Qg3#)
63... Kg5 64. Qe5+ (64. Qg8+ Kh5 65. Kf5 Kh6 66. Qg6#) 64... Kg6 (64... Kh6 {
doesn't change anything anymore} 65. Qf6+ Kh5 66. Bg3 Kg4 67. Qh4#) 65. Bd4 (
65. Bc5 Kh6 66. Bf8+ Kg6 67. Qf5#) 65... Kf7 66. Qf6+ (66. Kf5 Kf8 67. Ke6 Ke8
68. Qb8#) 66... Ke8 67. Qe6+ Kf8 68. Bc5+ (68. Qd7 Kg8 69. Qg7#) 68... Kg7 69.
Kf5 Kh7 70. Qg6+ Kh8 71. Bd4# 1-0

[Event "TAO 38"]
[Site "?"]
[Date "2008.07.12"]
[Round "3"]
[White "Chumenchenko, Andrey"]
[Black "Huang, Kevin"]
[Result "1/2-1/2"]
[ECO "D15"]
[WhiteElo "2432"]
[BlackElo "1905"]
[Annotator "Rybka 2.3 32-bit  (60s)"]
[PlyCount "88"]
[EventDate "2008.??.??"]
[SourceDate "2006.11.11"]
[TimeControl "240+2"]

{D15: Slav Defence: 4 Nc3 a6 and gambit lines after 4 Nc3 dxc4} {
156MB, Fritz9.ctg} 1. d4 d5 2. Nf3 Nf6 3. c4 c6 4. Nc3 a6 5. c5 Bf5 6. Qb3 Qc8
7. Nh4 (7. Na4 Nbd7 8. Ne5 h6 9. f3 Bh7 10. Bf4 g5 11. Bg3 Bg7 12. e3 O-O 13.
Bd3 Nxe5 14. Bxe5 Bxd3 15. Qxd3 Qe6 16. g4 Nd7 17. Bxg7 Kxg7 18. h4 Qg6 19. Qb3
Rab8 20. O-O-O f5 21. hxg5 hxg5 {
Grachev,B (2466)-Kornev,A (2567)/Samara 2002/CBM 089 ext/1-0 (34)}) 7... Bg4
$146 (7... Bg6 8. g3 Nbd7 9. Bh3 e6 10. O-O Be7 11. Bf4 Nh5 12. Nxg6 hxg6 13.
Bg2 Nxf4 14. gxf4 Qc7 15. e3 g5 16. Rfe1 gxf4 17. e4 f3 18. Bxf3 dxe4 19. Rxe4
Qxh2+ 20. Kf1 O-O-O 21. Qc4 Qc7 22. b4 {
Bozinovic,B (2245)-Troskot,N/Zadar 1998/EXT 2000/1-0 (49)}) (7... Be6 8. f3 h6
9. g3 g5 10. Ng2 Bg7 11. Bd2 Nbd7 12. Na4 Bf5 13. g4 Bg6 14. h4 Qc7 15. O-O-O
gxh4 16. Nxh4 Bh7 17. Nf5 Bxf5 18. gxf5 O-O-O 19. e3 Nh7 20. Be2 Ng5 21. Rdg1
Bf6 22. Be1 {Peng,Z (2425)-Flear,C (2230)/Elista 1998/CBM 066 ext/1-0 (35)}) 8.
h3 Bh5 (8... Be6 9. Bf4 $16) 9. f4 e6 {Consolidates f5} 10. g4 Bg6 11. Bg2 Be7
12. O-O {Seems a bit risky} Nbd7 13. g5 {White threatens to win material: g5xf6
} Nh5 14. e4 Ng3 15. Nxg6 hxg6 {White has the pair of bishops} 16. Rf3 Nxe4 17.
Nxe4 dxe4 {White king safety improved} 18. Rg3 Qc7 19. Bxe4 Rd8 20. Qf3 Rc8 21.
Be3 Nb8 22. Rc1 a5 23. Kg2 Na6 24. a3 {Covers b4} Qd8 25. Rc4 Nc7 26. Ra4 {
White threatens to win material: Ra4xa5} Ra8 27. Bd2 Nd5 28. Bxd5 exd5 29. Qc3
b6 30. cxb6 Qxb6 31. Re3 Kd7 32. b3 (32. Rxa5 $5 {is an interesting alternative
} Bd6 33. Rxa8 Rxa8 34. Re2 $14) 32... Bd6 $11 33. Qd3 (33. Rf3 f5 $11) 33...
Qb5 $15 34. Qxb5 (34. Qe2 Qxe2+ 35. Rxe2 Rhb8 $15) 34... cxb5 $17 35. Rxa5 Rxa5
(35... Bxf4 $5 36. Rxb5 Bxe3 37. Rxd5+ Kc6 38. Rc5+ Kb7 39. Bxe3 Rxa3 $17) 36.
Bxa5 $15 Bxa3 ({Weaker is} 36... Bxf4 37. Rf3 Bxg5 38. Rxf7+ Ke6 39. Rxg7 $14)
37. Rf3 Bd6 38. f5 gxf5 39. Rxf5 Ke6 40. Rf2 (40. Rf3 b4 $15) 40... Rh4 $17 41.
Bb6 Re4 (41... Rh5 $5 $17) 42. Bc5 $15 {'the bishop is the bishop!'} Bb8 43.
Ra2 Kf5 {Black threatens to win material: Kf5xg5} 44. Ra8 Bf4 1/2-1/2

[Event "TAO 38"]
[Site "?"]
[Date "2008.07.12"]
[Round "2"]
[White "High, David"]
[Black "McNeill, Jonathon"]
[Result "1/2-1/2"]
[ECO "B01"]
[WhiteElo "1813"]
[BlackElo "1861"]
[Annotator "Fritz 11 (60s)"]
[PlyCount "118"]
[SourceDate "2006.11.11"]
[TimeControl "180"]

{119MB, RybkaII.ctg, JONATHON-5DE1DD B01: Scandinavian Defence} 1. e4 d5 2.
exd5 Qxd5 3. Nf3 Bg4 4. Be2 Nc6 5. d4 O-O-O 6. c3 e5 7. c4 (7. Be3 exd4 (7...
e4 8. Nfd2 Bxe2 9. Qxe2 Nf6 10. Nb3 Qf5 11. N1d2 Bd6 12. O-O-O Nd5 13. g3 Rhe8
14. Rde1 Qg6 15. Rhf1 f5 16. Nc4 Be7 17. Bd2 Bf6 18. Rg1 Qf7 19. Ne3 g6 20. Kb1
Nb6 21. Rc1 Bg7 22. Rgd1 {
Mezioud,A (1989)-Stefanova,A (2499)/Ekaterinburg 2006/CBM 111 ext/0-1 (38)}) 8.
cxd4 Nf6 9. Nc3 Qh5 10. h3 Bd6 11. Qa4 Bd7 12. Ne5 Qf5 13. Nxd7 Nxd7 14. d5 Nb4
15. O-O-O Ne5 16. a3 Nbd3+ 17. Rxd3 Nxd3+ 18. Kd2 Ne5 19. f4 Nd7 20. Qxa7 h5
21. g3 Rde8 {Boudre,J (2397)-Hauchard,A (2518)/Besancon 1999/CBM 073/1-0}) 7...
Qa5+ 8. Bd2 Bb4 9. d5 Bxd2+ $146 (9... Bxf3 10. Bxf3 Nd4 11. a3 Bxd2+ 12. Nxd2
Qb6 13. O-O Qxb2 14. Rb1 Qxa3 15. Ra1 Nxf3+ 16. Nxf3 Qc5 17. Nxe5 Nh6 18. Qb3
Rhe8 19. Nd3 Qd4 20. Rfb1 Kd7 21. Qa3 Kc8 22. Rxb7 Qxa1+ 23. Qxa1 Kxb7 24. Qa4
{Martorelli,A (2255)-Abergel,T (2436)/Scanno 2005/CBM 109 ext/1-0}) (9... Bxf3
10. Bxf3 Nd4 11. Nc3 $11) 10. Qxd2 Bxf3 11. Bxf3 Qxd2+ 12. Nxd2 Nd4 {
A beautiful square!} 13. O-O f5 (13... Nf6 14. Rac1 $15) 14. Bd1 Nf6 15. Nb3
Nxb3 16. Bxb3 Nd7 (16... c6 17. dxc6 bxc6 18. Rad1 $15) 17. Bc2 g6 {Secures f5}
18. b4 (18. f3 Rhf8 $11) 18... e4 {Black gains space} 19. Rad1 Nf6 20. Rfe1 Rd6
(20... b5 21. Bb3 $15) 21. Bb3 $11 Rhd8 22. c5 {
White threatens to win material: c5xd6} R6d7 23. d6 Rg7 24. dxc7 {
White has a mate threat} (24. Be6+ $142 Kb8 25. f3 $14) 24... Rxc7 $4 {
throwing away the advantage.} (24... Kxc7 $142 {would hold out} 25. Rxd8 Kxd8
$11) 25. Be6+ $18 Nd7 26. Rd6 (26. g4 $142 $5 a5 27. gxf5 gxf5 28. a3 $18)
26... Rc6 $16 27. Red1 (27. Rxc6+ $142 $5 bxc6 28. g4 fxg4 29. Rxe4 $14) 27...
Rxd6 $11 {Black has a mate threat} 28. cxd6 {White has a new passed pawn: d6.}
Re8 {Black threatens to win material: Re8xe6} (28... Kb8 29. a3 $11) 29. Rc1+
$14 Kd8 30. Bb3 (30. Bd5 Nf6 31. Bf7 $14) 30... b5 (30... Rf8 $142 $5 $11 {
must be considered}) 31. Rc7 $16 Nb6 $2 (31... a6 32. Ra7 Nf6 33. Rf7 $16) 32.
Rxa7 (32. Rxh7 a6 33. Bf7 Re5 34. Bxg6 f4 $18) 32... Nc4 (32... e3 33. fxe3
Rxe3 34. Kf2 $18) 33. Bxc4 (33. Rxh7 Nxd6 34. Rh6 e3 35. fxe3 Rxe3 36. Rxg6 Ne4
$18) 33... bxc4 34. Rc7 $4 {
White threatens to win material: Rc7xc4. releasing the pressure on the opponent
} (34. Ra8+ Kd7 35. Rxe8 Kxe8 36. Kf1 $18) 34... Re6 $14 {
Black threatens to win material: Re6xd6} 35. Rxc4 Rxd6 {
Black has a mate threat. .} 36. Kf1 Rd2 $2 (36... Rd1+ $142 {and Black hangs on
} 37. Ke2 Ra1 $11) 37. a4 $18 Ra2 38. b5 Ra1+ 39. Ke2 Ra2+ 40. Ke3 Ra3+ $4 {
terrible, but the game is lost in any case} (40... Rb2 41. g4 $1 $18 {
Deflection: g4}) 41. Kf4 (41. Kd2 $142 $18 {and White takes home the point})
41... Ra2 $16 42. f3 exf3 (42... Rxg2 $142 $5 43. fxe4 Rxh2 $16) 43. Kxf3 $18
g5 $2 (43... Rb2 44. h3 $18) 44. h3 (44. b6 $142 $5 {keeps an even firmer grip}
Rb2 45. a5 Rb5 $18) 44... Ra3+ 45. Kf2 Ra2+ 46. Kg1 f4 (46... h5 {
does not win a prize} 47. b6 Rb2 48. a5 $18) 47. b6 Ra1+ (47... Rb2 {
does not solve anything} 48. Rc6 Kd7 49. Rc7+ Kd6 50. Rxh7 Rb1+ 51. Kf2 Rb2+
52. Kf3 Rb3+ 53. Kg4 $18) 48. Kf2 Kd7 49. Rb4 (49. Rc7+ $142 {
and White has triumphed} Kd6 50. Rc8 $18) 49... Kc8 50. b7+ {
White forks: c8, c8, c8+c8} (50. Rb5 $5 Rxa4 51. Rxg5 $18) 50... Kb8 $14 51.
Kf3 Ra2 (51... h6 52. Rb6 Rxa4 53. Rxh6 Ra3+ 54. Kf2 Kxb7 55. Rg6 Ra2+ 56. Kg1
$11) 52. h4 {Deflection: h4} Ra3+ (52... gxh4 53. Kg4 {Double attack} (53. Rxf4
{Deflection}) (53. Kg4 {Decoy})) 53. Kg4 {
White threatens to win material: Kg4xg5} Rg3+ {Black forks: g2+g4} 54. Kh5 gxh4
55. Kxh4 Rxg2 56. Kh3 {White threatens to win material: Kh3xg2} Rg3+ 57. Kh4
Rg6 58. Rxf4 Kxb7 59. Rf5 Rg7 1/2-1/2

[Event "The Asheboro Open XXXVIII"]
[Site "?"]
[Date "2008.07.12"]
[Round "2"]
[White "Mabe, Chris"]
[Black "Chumachenko, Andrey"]
[Result "0-1"]
[ECO "A16"]
[WhiteElo "2241"]
[BlackElo "2452"]
[Annotator "Rybka 2.3 32-bit  (60s)"]
[PlyCount "114"]
[SourceDate "2006.11.11"]
[TimeControl "300"]

{A16: English Opening: 1...Nf6 with ...d5} 1. Nf3 Nf6 2. c4 g6 3. Nc3 d5 4.
cxd5 Nxd5 5. e4 Nxc3 6. dxc3 Qxd1+ 7. Kxd1 Bg4 8. Kc2 Bxf3 (8... Nd7 9. Bf4
Bxf3 10. gxf3 e5 11. Be3 h5 12. Bh3 Bh6 13. Rad1 Nf6 14. Bxh6 Rxh6 15. Rd2 Ke7
16. Rhd1 Rhh8 17. b4 Rhd8 18. a4 Rxd2+ 19. Rxd2 a5 20. Kb3 h4 21. Bf1 c6 22.
Ka3 Ne8 23. Bh3 {Orlov,G (2522)-Roiz,M (2544)/Internet 2004/EXT 2005/0-1 (38)})
9. gxf3 Nd7 10. Bc4 (10. Be3 e5 11. Rd1 Bd6 12. Bb5 a6 13. Bxd7+ Kxd7 14. f4
Rhe8 15. f5 Rg8 16. Rhg1 Ke7 17. Bg5+ f6 18. Be3 gxf5 19. exf5 e4 20. h3 Kf7
21. Rg4 Rxg4 22. hxg4 Rg8 23. Rh1 Rxg4 24. Rxh7+ Kg8 {
Nikolaidis,I (2530)-Lputian,S (2605)/Yerevan 2000/CBM 078/1/2-1/2}) 10... e5
$146 (10... e6 11. Bf4 Bd6 12. Bxd6 cxd6 13. Bb5 Ke7 14. Bxd7 Kxd7 15. Rad1 Ke7
16. Rd4 Rac8 17. Rhd1 Rhd8 18. f4 Rc5 19. e5 d5 20. R1d3 Rdc8 21. Kd2 Rc4 22.
Rxc4 Rxc4 23. Rd4 Rc7 24. Kd3 f6 25. c4 {
Sommerbauer,N (2401)-Naumann,A (2480)/Austria 2000/EXT 2001/1/2-1/2}) 11. Rd1
Nb6 12. Be2 Bc5 {Black threatens to win material: Bc5xf2} 13. Bg5 O-O {
Black castles and improves king safety} 14. b4 {
White threatens to win material: b4xc5} Bd6 15. Be3 f5 16. c4 f4 {
Black threatens to win material: f4xe3} 17. Bd2 c5 18. a3 Rfd8 19. Kb3 Bc7 (
19... Nc8 $5 $14) 20. Bc3 $16 Nd7 21. Rd2 (21. Rd5 $5 $16) 21... Nf8 $14 22.
Rad1 Ne6 23. Rxd8+ Rxd8 24. Rxd8+ Nxd8 25. bxc5 {A minor pieces endgame occured
} Ne6 26. Kb4 h5 27. Bd1 Kf7 28. Be2 Kf6 29. Bf1 g5 30. Be2 (30. c6 Bd6+ 31.
Kb5 Nc7+ 32. Ka5 bxc6 $11) 30... Bd8 $15 31. c6 bxc6 32. Bd1 Bb6 {
Black threatens to win material: Bb6xf2} 33. Be1 Ke7 (33... g4 34. fxg4 hxg4
35. f3 gxf3 36. Bxf3 Bc5+ 37. Kc3 Bxa3 38. Kd3 $17) 34. h3 Kd6 35. Kb3 Nd4+ {
The black knight is well posted.} 36. Kb2 $2 (36. Kb4 $142 $15 {
and White is still in the game}) 36... Kc5 $19 37. Bb4+ Kxc4 38. Bd6 Nb5 (38...
Kd3 39. Bxe5 Kd2 40. Bb3 $19) 39. Bxe5 Bd4+ 40. Bxd4 Nxd4 41. Ba4 $2 (41. Kc1
Kd3 $19) 41... h4 (41... Nxf3 {and Black can already relax} 42. Bd1 Ne5 43.
Bxh5 Nd3+ 44. Kc2 Nxf2 45. e5 $19) 42. Bd1 a5 43. Ba4 $4 {
simply worsens the situation} (43. Kc1 $142 Kc3 44. e5 $19) 43... Nxf3 44. Bxc6
(44. Bd1 {there is nothing better in the position} Ne5 45. Be2+ Kd4 46. Kc1 $19
) 44... Ne5 45. Bb7 g4 46. hxg4 h3 47. Ba6+ Kd4 48. Bf1 h2 49. Bg2 Nxg4 50. f3
Ne3 51. Bh1 a4 52. Kc1 Nc4 53. Kc2 Nxa3+ 54. Kb2 Nc4+ 55. Ka2 Ke3 56. Ka1 Kf2
57. Ka2 Kg1 (57... Kg1 58. Kb1 Kxh1 $19) 0-1